 Dungeon Crawl Stone Soup version 0.28-a0-1613-gdaab1c2f9b (webtiles) character file.

Game seed: 14264401302512562865

102 croobank the Firebug (level 4, -25/33 HPs)
             Began as a Draconian Fire Elementalist on Jan 21, 2022.
             Killed by an exploding kobold (40 damage)
             ... ignited by their inner flame
             ... on level 4 of the Dungeon.
             The game lasted 00:10:03 (4103 turns).

croobank the Firebug (Draconian Fire Elementalist)  Turns: 4103, Time: 00:10:06

Health: -25/33     AC:  5    Str: 11    XL:     4   Next: 49%
Magic:  3/7        EV: 12    Int: 17    God:
Gold:   224        SH:  0    Dex: 11    Spells: 2/8 levels left

rFire   . . .      SeeInvis .   n - staff of conjuration
rCold   . . .      Faith    .   (no shield)
rNeg    . . .      Spirit   .   (armour unavailable)
rPois   .          Reflect  .   (helmet restricted)
rElec   .          Harm     .   (no cloak)
rCorr   .          Rampage  .   (no gloves)
Will    .....                   (no boots)
Stlth   ++........              (no amulet)
HPRegen 0.11/turn               (no ring)
MPRegen 0.10/turn               (no ring)

@: no status effects
A: AC +5, unfitting armour, cold-blooded
a: no special abilities


You were on level 4 of the Dungeon.
You visited 1 branch of the dungeon, and saw 4 of its levels.

You collected 224 gold pieces.

Inventory:

Hand Weapons
 b - a +0 short sword
 l - a +0 flail
 r - a +0 hand crossbow
Missiles
 c - 128 stones
 e - 31 bolts
Magical Staves
 n - a staff of conjuration (weapon)
Scrolls
 a - a scroll of summoning {unknown}
 d - a scroll of immolation {unknown}
 f - a scroll of enchant weapon {unknown}
 i - a scroll of brand weapon {unknown}
 j - a scroll of noise {unknown}
 k - a scroll of silence
 m - a scroll of torment {unknown}
 o - a scroll of identify
 p - a scroll of fog
Potions
 g - a potion of heal wounds
 h - a potion of haste {unknown}
 q - a potion of attraction {unknown}


   Skills:
 + Level 0.0 Crossbows
 + Level 2.4 Dodging
 + Level 2.6 Stealth
 + Level 2.6 Spellcasting
 + Level 2.0 Conjurations
 + Level 3.5 Fire Magic


You had 2 spell levels left.
You knew the following spells:

 Your Spells              Type           Power      Damage    Failure   Level
a - Foxfire               Conj/Fire      68%        2x1d7     6%          1
b - Scorch                Fire           28%        2d6       6%          2
c - Inner Flame           Hex/Fire       8%         N/A       26%         3

Your spell library contained the following spells:

 Spells                   Type           Power      Damage    Failure   Level
 Sandblast                Erth           4%         2d4       19%         1
 Ensorcelled Hibernation  Hex/Ice        4%         N/A       28%         2
 Passwall                 Tmut/Erth      1%         N/A       28%         2
 Conjure Flame            Conj/Fire      17%        6-21      17%         3
 Stone Arrow              Conj/Erth      16%        3d8       34%         3
 Ozocubu's Armour         Ice            2%         N/A       50%         3
 Spider Form              Tmut/Pois      2%         N/A       50%         3
 Flame Wave               Conj/Fire      17%        2d6       50%         4
 Anguish                  Hex/Necr       1%         N/A       88%         4
 Ozocubu's Refrigeration  Ice            1%         4d5       100%        7


Dungeon Overview and Level Annotations

Branches:
Dungeon (4/15)             Temple (0/1) D:4

Altars:

Annotations:
D:2 1 runed translucent door, Crazy Yiuf


Innate Abilities, Weirdness & Mutations

Your plain brown scales are hard. (AC +5)
You cannot fit into any form of body armour.
You are cold-blooded and may be slowed by cold attacks.


Message History

The kobold hits you with a +0 short sword.
* * * LOW HITPOINT WARNING * * *
The hound closely misses you.
You feel much better. The hound closely misses you.
The kobold closely misses you. The hound barely misses you.
The hound bites you but does no damage.
You closely miss the hound.
The hound is almost dead.
The hound closely misses you. The kobold barely misses you.
You hit the hound but do no damage.
The hound is almost dead.
The hound bites you.
The kobold hits you with a +0 short sword.
The hound closely misses you.
You miss the hound.
The hound is almost dead.
The hound barely misses you. The kobold closely misses you.
The hound closely misses you. The kobold barely misses you.
Unknown command.
You closely miss the hound.
The hound is almost dead.
The hound bites you but does no damage. The hound closely misses you.
The kobold hits you but does no damage.
Unknown command.
You hit the hound.
Your tail-slap misses the hound.
The hound is almost dead.
The hound barely misses you.
The kobold hits you with a +0 short sword.
The hound closely misses you.
You hit the kobold but do no damage. The hound bites you.
The kobold barely misses you.
You hit the kobold.
Flame seeps out of the kobold. x2; You punch the kobold.
The kobold is severely wounded.
The hound bites you.
The kobold is engulfed in blazing flames.
The kobold explodes!
The fiery explosion engulfs you!!!
Ouch! That really hurt!
You die...

# ##...####....#...#
###....###....###..#
......#.......##.###
............####.##
#..........## #..#
##........## #.##
#.......## ##..#
#......## #...#
#.....## #.@## #.....#
##.h○# . #.....#
#..§§###..# #.......###
#.........#
..##.......##......#..#
#...............#
####....#####...#
###..## ...## ##....##
...^


You could see a hound.

Vanquished Creatures
  Terence (D:2)
  3 adders
  An ufetubus (D:4)
  A worm (D:3)
  An orc (D:4)
  2 ball pythons (D:1)
  6 endoplasms
  5 giant cockroaches
  4 hobgoblins
  A jackal (D:1)
  2 quokkas
  3 bats
  A frilled lizard (D:1)
  6 kobolds
  6 rats
43 creatures vanquished.

Vanquished Creatures (others)
  45 foxfires
45 creatures vanquished.

Grand Total: 88 creatures vanquished

Notes
Turn   | Place    | Note
-------+----------+-------------------------------------------
     0 | D:1      | croobank the Draconian Fire Elementalist began the quest
                  | for the Orb.
     0 | D:1      | Reached XP level 1. HP: 14/14 MP: 3/3
   286 | D:1      | Reached XP level 2. HP: 20/20 MP: 3/5
   648 | D:1      | Learned a level 2 spell: Scorch
  1170 | D:2      | Reached XP level 3. HP: 18/26 MP: 0/6
  1287 | D:2      | Found a runed translucent door.
  1288 | D:2      | Noticed Crazy Yiuf
  1408 | D:2      | Noticed Terence
  1455 | D:2      | Killed Terence
  1957 | D:2      | Found a faded altar of an unknown god.
  2207 | D:3      | Learned a level 3 spell: Inner Flame
  2511 | D:3      | Reached XP level 4. HP: 33/33 MP: 2/7
  3921 | D:4      | Found a staircase to the Ecumenical Temple.
  4103 | D:4      | Killed by an exploding kobold... ignited by their inner
                  | flame

Illustrated notes

Levels and vault maps discovered:
D:1:      minmay_arrival_solitary_statue, layout_basic,
          hangedman_decor_clover_reticule, st_stairs_5
D:2:      layout_loops_cross, shapermc_ecumenical_altar_mp_ritualfount,
          uniq_terence, uniq_crazy_yiuf_cottage
D:3:      layout_basic
D:4:      layout_layer_cave, minmay_temple_entry_from_below_b, moated_statue

Skill      XL: |  1  2  3  4 |
---------------+-------------+-----
Stealth        | 2 |  2.6
Dodging        | 2 |  2.4
Conjurations   | 2 |  2.0
Spellcasting   | |  2.6
Fire Magic     | |  3.5

Action                   |  1- 3 |  4- 6 || total
-------------------------+-------+-------++-------
Melee: Unarmed           |    27 |       ||    27
       Short sword       |    52 |       ||    52
       Tailslap          |     3 |     9 ||    12
       Punch             |     1 |     1 ||     2
       Staff             |       |    25 ||    25
 Cast: Foxfire           |    28 |    17 ||    45
       Scorch            |    10 |     5 ||    15
       Inner Flame       |       |     1 ||     1
  Use: Potion            |     1 |     1 ||     2
       Scroll            |       |     3 ||     3
Armor: Skin              |    32 |    16 ||    48
Dodge: Dodged            |    78 |    36 ||   114

Table legend: (Time is in decaauts)
 A = Elapsed time spent in this place.
 B = Non-inter-level travel time spent in this place.
 C = Inter-level travel time spent in this place.
 D = Time resting spent in this place.
 E = Time spent auto-exploring this place.
 F = Levels seen in this place.
 G = Mean time per level.
                   A        B        C        D        E       F      G
               +--------+--------+--------+--------+--------+-----+--------+
         Total |   4113 |   4058 |     55 |     29 |   3423 |   4 | 1028.2 |
       Dungeon |   4113 |   4058 |     55 |     29 |   3423 |   4 | 1028.2 |
               +--------+--------+--------+--------+--------+-----+--------+

Top non-repeatable levels by time:
     D:3: 1215 daAuts
     D:1: 1149 daAuts
     D:2: 1036 daAuts
     D:4: 711 daAuts
